 Dungeon Sprint DCSS version 0.29-a0-512-gf59ac788ac (webtiles) character file.

Game seed: 9292945928621934455

95 mhtbhm the Ruffian (level 4, -1/41 HPs)
             Began as a Troll Transmuter on May 30, 2022.
             Was an Initiate of Gozag.
             Killed from afar by an oklob sapling priest (23 damage)
             ... with a splash of acid
             ... in the Dungeon (Sprint IV: "Fedhas' Mad Dash").
             The game lasted 00:00:54 (548 turns).

mhtbhm the Ruffian (Troll Transmuter)                Turns: 548, Time: 00:00:55

Health: -1/41      AC:  0    Str: 20    XL:     4   Next: 40%
Magic:  2/7        EV: 10    Int:  9    God:    Gozag
Gold:   47         SH:  0    Dex: 10    Spells: 5/8 levels left

rFire   . . .      SeeInvis .     - Unarmed
rCold   . . .      Faith    .   (no shield)
rNeg    . . .      Spirit   .   a - +0 robe
rPois   .          Reflect  .   (helmet currently unavailable)
rElec   .          Harm     .   (no cloak)
rCorr   .          Rampage  .   (gloves unavailable)
Will    .....      NoTele   +   (boots unavailable)
Stlth   +.........              j - amulet of invisibility {+Inv}
HPRegen 0.93/turn               (no ring)
MPRegen 0.10/turn               (no ring)

@: appendages (expiring), wereblooded, corroded, very slightly contaminated,
invisible (expiring)
A: horns 2, talons 2, large, unfitting armour, claws 3, regeneration 1, shaggy
fur 1, tough skin 1
a: End Transformation, Renounce Religion, Evoke Invisibility, Potion Petition,
Call Merchant, Bribe Branch


You were in the Dungeon.
You worshipped Gozag.
Gozag was noncommittal.
You had temporarily grown beastly horns and talons.
You visited 1 branch You collected 47 gold pieces.

Inventory:

Missiles
 i - 3 poisoned darts
Armour
 a - a +0 robe (worn)
Jewellery
 j - the amulet of invisibility (around neck) {+Inv}
   (You found it in the Dungeon)

   [amulet of nothing]

   +Inv:      It lets you turn invisible.
Scrolls
 h - a scroll of blinking
 k - a scroll of identify {unknown}
Potions
 b - a potion of lignification
 c - a potion of curing
 d - a potion of heal wounds
 e - a potion of haste
 f - 2 potions of magic
 g - a potion of berserk rage


   Skills:
 + Level 1.1 Fighting
 + Level 3.0 Dodging
 + Level 6.9 Unarmed Combat
 + Level 2.7 Spellcasting
 + Level 2.8 Transmutations


You had 5 spell levels left.
You knew the following spells:

 Your Spells              Type           Power      Damage    Failure   Level
a - Beastly Appendage     Tmut           12%        N/A       10%         1
b - Wereblood             Tmut           6%         N/A       14%         2

Your spell library contained the following spells:

 Spells                   Type           Power      Damage    Failure   Level
 Spider Form              Tmut/Pois      3%         N/A       45%         3
 Ice Form                 Ice/Tmut       3%         N/A       86%         4


Dungeon Overview and Level Annotations

Branches:
Dungeon (1/1)

Altars:
Cheibriados
Dithmenos
Elyvilon
Gozag
Hepliaklqana
Kikubaaqudgha
Makhleb
Nemelex Xobeh
Okawaru
Qazlal
Ru
Sif Muna
Trog
Uskayaw
Vehumet
Wu Jian
Xom
Yredelemnul
Zin
The Shining One
Beogh
Jiyva
Lugonu

Annotations:
D exclusion: oklob sapling


Innate Abilities, Weirdness & Mutations

You have temporarily grown beastly horns and talons.
You are too large for most types of armour.
You have claws for hands.
Your natural rate of healing is unusually fast.
You are covered in fur. (AC +1)
You have tough skin. (AC +1)


Message History

Okay, then.
Unknown command.
Casting: Beastly Appendage (safe; 10% risk of failure)
Confirm with . or Enter, or press ? or * to list all spells.
Your blood is infused with primal strength.
Unknown command.
Casting: Wereblood (safe; 14% risk of failure)
Confirm with . or Enter, or press ? or * to list all spells.
You grow a pair of large bovine horns.
Your feet morph into talons.
You open the door.
Your transformation is almost over.
Found ten altars.
An oklob sapling priest comes into view.
Found three altars.
Marking area around an oklob sapling priest as unsafe for travelling.
There is an open door here.
Found three altars.
Found two altars.
Found three altars.
There is an opulent altar of Gozag here.
Unknown command.
Press < or > to pray at altars.
You kneel at the altar of Gozag.
Gozag welcomes you!
Gozag waives the service fee.
Unknown command.
Press < or > to pray at altars.
Found a corrupted altar of Lugonu and a radiant altar of Vehumet.
You flicker for a moment.
There is a hazy altar of Hepliaklqana here.
The oklob sapling priest spits acid at you.
The splash of acid hits you!! The acid corrodes you!
You scratch the oklob sapling priest but do no damage.
You claw the oklob sapling priest. You headbutt the oklob sapling priest!
The oklob sapling priest is moderately damaged.
The oklob sapling priest spits acid at you.
The splash of acid hits you!!
Ouch! That really hurt!
You die...
Your body crumbles into a pile of gold.

########################
....#.....#.⌠._._._._.⌠.
$
....'.#|..'.._._@_._._..
$ $
....#.#...#..._._P_._...
########+##.._._._._._..
$ $ #._._._._._.⌠. $
$############## $ $$ $


You could see an oklob sapling priest (can't see you).

Vanquished Creatures
  A scorpion (D)
  An oklob sapling (D)
  A river rat (D)
  A rat (D)
4 creatures vanquished.

Notes
Turn   | Place    | Note
-------+----------+-------------------------------------------
     0 | D        | mhtbhm the Troll Transmuter began the quest for the Orb.
     0 | D        | Reached XP level 1. HP: 18/18 MP: 1/1
    14 | D        | Reached skill level 4 in Unarmed Combat
    14 | D        | Reached XP level 2. HP: 15/26 MP: 0/3
   142 | D        | Learned a level 2 spell: Wereblood
   146 | D        | Noticed an oklob sapling
   149 | D        | Killed an oklob sapling
   150 | D        | Reached skill level 5 in Unarmed Combat
   150 | D        | Reached XP level 3. HP: 14/32 MP: 0/5
   151 | D        | Noticed a scorpion
   151 | D        | Found the amulet of invisibility {+Inv}
   156 | D        | Killed a scorpion
   157 | D        | Reached skill level 1 in Fighting
   157 | D        | Reached skill level 6 in Unarmed Combat
   157 | D        | Reached XP level 4. HP: 12/41 MP: 1/7
   539 | D        | Found an opulent altar of Gozag.
   539 | D        | Found a hazy altar of Hepliaklqana.
   539 | D        | Found a burning altar of Makhleb.
   539 | D        | Found a sparkling altar of Nemelex Xobeh.
   539 | D        | Found a snail-covered altar of Cheibriados.
   539 | D        | Found a sacrificial altar of Ru.
   539 | D        | Found a shimmering blue altar of Sif Muna.
   539 | D        | Found a shimmering altar of Xom.
   539 | D        | Found a basalt altar of Yredelemnul.
   540 | D        | Found a viscous altar of Jiyva.
   540 | D        | Found a bloodstained altar of Trog.
   540 | D        | Found an ornate altar of the Wu Jian Council.
   541 | D        | Found an iron altar of Okawaru.
   541 | D        | Found a shadowy altar of Dithmenos.
   541 | D        | Found a glowing silver altar of Zin.
   542 | D        | Found an ancient bone altar of Kikubaaqudgha.
   542 | D        | Found a hide-covered altar of Uskayaw.
   543 | D        | Found a stormy altar of Qazlal.
   543 | D        | Found a white marble altar of Elyvilon.
   543 | D        | Found a glowing golden altar of the Shining One.
   544 | D        | Became a worshipper of Gozag Ym Sagoz the Greedy
   545 | D        | Found a corrupted altar of Lugonu.
   545 | D        | Found a radiant altar of Vehumet.
   548 | D        | Killed from afar by an oklob sapling priest

Illustrated notes

Levels and vault maps discovered:
D:        dungeon_sprint_fedhas [sprint_temple]

Skill      XL: |  1  2  3 |
---------------+----------+-----
Unarmed Combat | 4 5 6 |  6.9
Dodging        | 2 3 |  3.0
Spellcasting   | 2 |  2.7
Transmutations | 2 |  2.8
Fighting       | 1 |  1.1

Action                   |  1- 3 |  4- 6 || total
-------------------------+-------+-------++-------
Melee: Unarmed           |    14 |     1 ||    15
       Kick              |     7 |     1 ||     8
       Headbutt          |     1 |     1 ||     2
 Cast: Beastly Appendage |     2 |     3 ||     5
       Wereblood         |     1 |     1 ||     2
 Abil: End Transformatio |       |     1 ||     1
       Evoke Invisibilit |       |     1 ||     1
Dodge: Dodged            |     2 |       ||     2

Table legend: (Time is in decaauts)
 A = Elapsed time spent in this place.
 B = Non-inter-level travel time spent in this place.
 C = Inter-level travel time spent in this place.
 D = Time resting spent in this place.
 E = Time spent auto-exploring this place.
 F = Levels seen in this place.
 G = Mean time per level.
                   A        B        C        D        E       F      G
               +--------+--------+--------+--------+--------+-----+--------+
         Total |    546 |    546 |      0 |    468 |      0 |   1 |  546.0 |
       Dungeon |    546 |    546 |      0 |    468 |      0 |   1 |  546.0 |
               +--------+--------+--------+--------+--------+-----+--------+

Top non-repeatable levels by time:
       D: 546 daAuts
